 Dungeon Crawl Stone Soup version 0.28-a0-1130-gc51a68064b (webtiles) character file.

Game seed: 5744909702371780233

418 Panino the Skirmisher (level 6, -1/56 HPs)
             Began as a Draconian Transmuter on Dec 9, 2021.
             Was a Believer of Kikubaaqudgha.
             Killed by nerve-wracking pain
             ... invoked by Menkaure
              (5 damage)
             ... on level 3 of the Dungeon on Dec 12, 2021.
             The game lasted 00:37:22 (5451 turns).

Panino the Skirmisher (Draconian Transmuter)        Turns: 5451, Time: 00:37:22

Health: -1/56      AC: 11    Str: 15    XL:     6   Next: 61%
Magic:  9/9        EV: 12    Int: 13    God:    Kikubaaqudgha [**....]
Gold:   215        SH:  0    Dex: 11    Spells: 6/9 levels left

rFire   . . .      SeeInvis .   m - +0 long sword
rCold   . . .      Faith    .   (no shield)
rNeg    . . .      Spirit   .   (armour unavailable)
rPois   +          Reflect  .   (helmet restricted)
rElec   .          Harm     .   q - +0 cloak {rPois}
rCorr   .          Rampage  .   (no gloves)
Will    .....                   (no boots)
Stlth   +.........              c - amulet of magic regeneration
HPRegen 0.18/turn               i - +4 ring of protection
MPRegen 0.51/turn               (no ring)

@: hasted, very quick
A: AC +6, unfitting armour, cold-blooded
a: Renounce Religion, Receive Corpses


You were on level 3 of the Dungeon.
You worshipped Kikubaaqudgha.
Kikubaaqudgha was pleased with you.
You visited 1 branch of the dungeon, and saw 4 of its levels.
You also visited: Sewer.

You collected 215 gold pieces.

Inventory:

Hand Weapons
 d - a +0 whip
 g - a +0 short sword
 l - a +0 spear
 m - a +0 long sword (weapon)
Missiles
 j - 6 boomerangs
 t - 90 stones
 v - 46 bolts
Armour
 q - a +0 cloak of poison resistance (worn)
Jewellery
 c - an amulet of magic regeneration (around neck)
 i - a +4 ring of protection (left hand)
Scrolls
 a - a scroll of immolation {unknown}
 e - a scroll of teleportation {unknown}
 k - a scroll of blinking {unknown}
 o - a scroll of vulnerability {unknown}
 r - 2 scrolls of identify {unknown}
Potions
 b - a potion of haste
 f - a potion of heal wounds
 h - 2 potions of lignification {unknown}
 n - a potion of curing
 p - a potion of resistance {unknown}
 s - a potion of cancellation {unknown}


   Skills:
 * Level 5.3 Fighting
 - Level 0.2(1.6) Short Blades
 - Level 2.7 Long Blades
 - Level 0.2 Maces & Flails
 + Level 2.4 Dodging
 + Level 3.7 Unarmed Combat
 - Level 2.0 Spellcasting
 + Level 1.7 Necromancy
 - Level 2.0 Transmutations


You had 6 spell levels left.
You knew the following spells:

 Your Spells              Type           Power      Damage    Failure   Level
a - Beastly Appendage     Tmut           12%        N/A       11%         1
b - Wereblood             Tmut           6%         N/A       17%         2

Your spell library contained the following spells:

 Spells                   Type           Power      Damage    Failure   Level
 Pain                     Necr           20%        1d5       13%         1
 Sublimation of Blood     Necr           5%         N/A       19%         2
 Summon Small Mammal      Summ           4%         N/A       26%         1
 Corpse Rot               Necr/Air       6%         N/A       26%         2
 Poisonous Vapours        Pois/Air       2%         N/A       36%         2
 Vampiric Draining        Necr           5%         2d6       36%         3
 Spider Form              Tmut/Pois      3%         N/A       45%         3
 Call Canine Familiar     Summ           1%         N/A       58%         3
 Inner Flame              Hex/Fire       1%         N/A       58%         3
 Summon Guardian Golem    Hex/Summ       1%         N/A       58%         3
 Ice Form                 Ice/Tmut       3%         N/A       86%         4


Dungeon Overview and Level Annotations

Branches:
Dungeon (4/15)              Sewer (visited)
 Temple: D:4-7

Altars:
Kikubaaqudgha

Annotations:
D:3 Menkaure


Innate Abilities, Weirdness & Mutations

Your plain brown scales are hard. (AC +6)
You cannot fit into any form of body armour.
You are cold-blooded and may be slowed by cold attacks.


Message History

Menkaure seems to speed up.
Menkaure calls on the powers of darkness!
Your body is wracked with pain!
* * * LOW HITPOINT WARNING * * *
Menkaure gestures at you while chanting.
You barely resist. Menkaure casts a spell at you.
Pain shoots through your body!
* * * LOW HITPOINT WARNING * * *
There is a stone staircase leading up here.
Menkaure closely misses you.
You climb upwards.
There is a stone staircase leading down here.
Menkaure misses you.
Menkaure blazes with dark energy!
Menkaure misses you.
There is a stone staircase leading up here.
Menkaure closely misses you.
You climb upwards.
There is a stone staircase leading down here.
You can't go up here!
Menkaure barely misses you. x2
You climb downwards.
There is a stone staircase leading up here.
You feel yourself speed up. Menkaure closely misses you.
Menkaure calls on the powers of darkness!
Your body is wracked with pain!
* * * LOW HITPOINT WARNING * * *
Menkaure breathes soot at you.
Menkaure murmurs, "It doesn't hurt if you pull your brain out of your nose yourself."
Menkaure calls on the powers of darkness!
Your body is wracked with pain!
* * * LOW HITPOINT WARNING * * *
Menkaure calls on the powers of darkness!
Your body is wracked with pain!
* * * LOW HITPOINT WARNING * * *
Menkaure gestures at you while chanting.
Pain shoots through your body!
You die...
Kikubaaqudgha rasps: "You have failed me!
Welcome... death!"

#..≈≈≈≈≈≈##.#####......##.
##.≈.†.≈÷≈###........#.##.
##≈≈≈≈≈≈÷.##.....#.##.##.
#########..##.......#...#.
##..≈≈≈≈≈≈.≈#..............
#≈.≈≈≈.≈..≈###.....###.).##
####.≈≈########
###...........
#...)....M....#
#.#.#.<.....
#.####...####@#
#.#.#.##.##. #.# ##.## #.#
#...<....### #.#
#.#####.### #..#####....
#.# #.....<...###..# #....
#.# #######.#......# #..##
#.# #.######.# #..# #.# #.#
#.#####..## #.###########>#
#.......... #.............#
####.......


You could see Menkaure (fast).

Vanquished Creatures
  Pargi (Sewer)
  A scorpion (D:4)
  A hound (D:4)
  A bullfrog skeleton (D:4)
  A hound skeleton (D:4)
  Robin (D:4)
  9 adders
  An adder skeleton (D:4)
  An adder zombie (D:4)
  A worm (D:2)
  4 dart slugs
  5 orcs (D:4)
  5 ball pythons
  10 bats
  7 giant cockroaches
  9 hobgoblins
  2 jackals (D:3)
  8 quokkas
  A frilled lizard (D:2)
  12 goblins
  3 kobolds
  2 rats
86 creatures vanquished.

Vanquished Creatures (others)
  2 plants (D:2)
  4 withered plants (D:2)
6 creatures vanquished.

Grand Total: 92 creatures vanquished

Notes
Turn   | Place    | Note
-------+----------+-------------------------------------------
     0 | D:1      | Panino the Draconian Transmuter began the quest for the
                  | Orb.
     0 | D:1      | Reached XP level 1. HP: 16/16 MP: 3/3
   729 | D:1      | Reached XP level 2. HP: 24/24 MP: 5/5
  1143 | D:1      | Learned a level 2 spell: Wereblood
  1269 | D:2      | Reached skill level 2 in Fighting
  1598 | D:2      | Found a faded altar of an unknown god.
  1641 | D:2      | Prayed at the altar of an unknown god.
  1641 | D:2      | Became a worshipper of Kikubaaqudgha
  1641 | D:2      | Reached * piety under Kikubaaqudgha
  1641 | D:2      | Received a gift from Kikubaaqudgha
  1810 | D:2      | Reached XP level 3. HP: 22/30 MP: 6/6
  2358 | D:3      | Reached skill level 3 in Fighting
  2358 | D:3      | Reached skill level 1 in Long Blades
  2853 | D:3      | Found a glowing drain.
  2865 | D:3      | Reached XP level 4. HP: 37/38 MP: 7/7
  2875 | Sewer    | Entered a sewer
  2905 | Sewer    | Noticed Pargi
  2932 | Sewer    | Killed Pargi
  2933 | Sewer    | Reached skill level 4 in Fighting
  2933 | Sewer    | Reached XP level 5. HP: 35/46 MP: 8/8
  3020 | Sewer    | Got the Collected Works on Fiery Poisoning
  3054 | D:3      | Upgraded the game from 0.28-a0-1080-g05a166d0ed to
                  | 0.28-a0-1130-gc51a68064b
  3828 | D:4      | Reached ** piety under Kikubaaqudgha
  3921 | D:4      | Noticed Robin
  3931 | D:4      | Killed Robin
  4114 | D:4      | Reached skill level 1 in Necromancy
  4195 | D:4      | Reached skill level 5 in Fighting
  4195 | D:4      | Reached XP level 6. HP: 20/56 MP: 9/9
  4789 | D:4      | Noticed Menkaure
  5451 | D:3      | Killed from afar by Menkaure

Illustrated notes

Levels and vault maps discovered:
D:1:      wheals_arrival_shading, layout_basic, hangedman_decor_clover_reticule
D:2:      layout_loops_ring, shapermc_ecumenical_altar_flowoftime
D:3:      layout_loops_ring, gup_sewer_entry_pipe
D:4:      layout_layer_cave, minmay_circle_x, uniq_menkaure, uniq_robin

Skill      XL: |  1  2  3  4  5 |
---------------+----------------+-----
Fighting       | 2 3 4 5 |  5.3
Long Blades    | 1 2 |  2.7
Dodging        | 2 |  2.4
Necromancy     | 1 |  1.7
Short Blades   | |  0.2
Maces & Flails | |  0.2
Unarmed Combat | |  3.7
Spellcasting   | |  2.0
Transmutations | |  2.0

Action                   |  1- 3 |  4- 6 || total
-------------------------+-------+-------++-------
Melee: Unarmed           |    23 |       ||    23
       Whip              |    21 |       ||    21
       Tailslap          |    21 |    22 ||    43
       Short sword       |    20 |       ||    20
       Punch             |     2 |       ||     2
       Long sword        |   100 |   182 ||   282
       Kick              |       |    10 ||    10
       Headbutt          |       |     7 ||     7
 Cast: Beastly Appendage |     1 |     7 ||     8
       Wereblood         |     2 |     1 ||     3
  Use: Potion            |       |     2 ||     2
 Stab: Sleeping          |       |     1 ||     1
Armor: Skin              |    53 |   123 ||   176
Dodge: Dodged            |   126 |   159 ||   285

Table legend: (Time is in decaauts)
 A = Elapsed time spent in this place.
 B = Non-inter-level travel time spent in this place.
 C = Inter-level travel time spent in this place.
 D = Time resting spent in this place.
 E = Time spent auto-exploring this place.
 F = Levels seen in this place.
 G = Mean time per level.
                   A        B        C        D        E       F      G
               +--------+--------+--------+--------+--------+-----+--------+
         Total |   5550 |   5330 |    220 |   1433 |   2374 |   5 | 1110.0 |
       Dungeon |   5363 |   5143 |    220 |   1366 |   2358 |   4 | 1340.8 |
         Sewer |    186 |    186 |      0 |     67 |     16 |   1 |  186.0 |
               +--------+--------+--------+--------+--------+-----+--------+

Top non-repeatable levels by time:
     D:4: 1645 daAuts
     D:3: 1349 daAuts
     D:1: 1228 daAuts
     D:2: 1140 daAuts
   Sewer: 186 daAuts
